 Dungeon Crawl Stone Soup version 0.31-a0-214-gb37851dbb3 (webtiles) character file.

Game seed: 14255742731246396743

2858 qw the Cleaver (level 9, -1/55 HPs)
             Began as a Gargoyle Fighter on July 1, 2023.
             Was a Follower of Okawaru.
             Slain by a wight
             ... wielding a +2 halberd
              (10 damage)
             ... on level 8 of the Dungeon.
             The game lasted 00:03:17 (7719 turns).

qw the Cleaver (Gargoyle Fighter)                   Turns: 7719, Time: 00:03:18

Health: -1/55      AC: 23    Str: 24    XL:     9   Next: 75%
Magic:  10/12      EV:  8    Int:  9    God:    Okawaru [*.....]
Gold:   33         SH:  5    Dex:  9    Spells: 8/8 levels left

rFire   + . .        Y - +2 war axe
rCold   . . .        c - +0 buckler
rNeg    + . .        i - +0 plate armour
rPois   inf          (no helmet)
rElec   +            (no cloak)
rCorr   .            h - +1 pair of gloves
SInv    +            (no boots)
Will    .....        (no amulet) Stlth
                     j - ring of protection from fire
HPRegen 0.29/turn    l - ring of see invisible
MPRegen 0.13/turn

%: no passive effects
@: about to teleport, heroic
A: sickness immunity, AC +6, negative energy resistance 1, electricity
resistance, torment resistance 1, petrification resistance
a: Renounce Religion, Heroism


You were on level 8 of the Dungeon.
You worshipped Okawaru.
Okawaru was aware of your devotion.
You visited 2 branches of the dungeon, and saw 9 of its levels.

You collected 382 gold pieces.
You spent 349 gold pieces at shops.


Innate Abilities, Weirdness & Mutations

You are immune to sickness and miasma.
Your stone body is resilient. (AC +6)
You are immune to poison.
You resist negative energy. (rN+)
You are resistant to electric shocks. (rElec)
You are resistant to unholy torment.
You are immune to petrification.


   Skills:
 - Level 6.1(11.1) Fighting
 - Level 9.0(14.0) Axes
 - Level 4.4(9.4) Throwing
 - Level 5.0(10.0) Armour
 - Level 1.2(6.2) Dodging
 + Level 3.2(8.2) Shields
 - Level 4.2 Invocations


You had 8 spell levels left.
You didn't know any spells.
Your spell library was empty.

Inventory:

Hand Weapons
 t - a +2 heavy flail
 Y - a +2 war axe (weapon)
Armour
 c - a +0 buckler (worn)
 h - a +1 pair of gloves (worn)
 i - a +0 plate armour (worn)
 p - a +0 kite shield
Jewellery
 j - a ring of protection from fire (left hand)
 l - a ring of see invisible (right hand)
 s - a ring of protection from fire
Wands
 f - a wand of digging (1)
Scrolls
 k - a scroll of identify
 o - a scroll of torment {unknown}
 r - 2 scrolls of teleportation
 u - a scroll of brand weapon {unknown}
Potions
 a - 4 potions of enlightenment
 b - 2 potions of heal wounds
 d - 2 potions of might
 e - a potion of haste {unknown}
 g - 2 potions of attraction
 m - 2 potions of magic
 n - 3 potions of curing
 q - 3 potions of mutation

Dungeon Overview and Level Annotations

Branches:
Dungeon (8/15)             Temple (1/1) D:4
   Lair: D:8-11

Altars:
Ashenzari
Cheibriados
Dithmenos
Elyvilon
Fedhas
Gozag
Hepliaklqana
Kikubaaqudgha
Makhleb
Nemelex Xobeh
Okawaru
Qazlal
Ru
Sif Muna
Trog
Uskayaw
Vehumet
Wu Jian
Xom
Yredelemnul
Zin
The Shining One

Shops:
D:4 !   D:6 !   D:7 !==

Portals:
Bailey: D:8

Annotations:
D:4 1 runed translucent door, Crazy Yiuf


Message History

You destroy the wight!
Okawaru accepts your kill.
You hit the wight. You block the wight's attack.
The wight hits you but does no damage. The wight barely misses you.
The wight hits you but does no damage. x2
You hit the wight but do no damage.
The wight is moderately damaged.
You slash the wight! You completely miss the wight.
The wight hits you from afar with a +2 halberd.
The wight hits you but does no damage. x3
You hit the wight but do no damage.
The wight is moderately damaged.
You closely miss the wight. You hit the wight but do no damage.
The wight hits you from afar with a +2 halberd.
The wight hits you but does no damage.
The wight hits you with a +2 hand axe of freezing.
The wight freezes you.
The wight hits you with a +3 great sword.
7716 ||| INVOKING Heroism.
You gain the combat prowess of a mighty hero.
The wight hits you from afar with a +2 halberd.
You block the wight's attack. x2
The wight hits you with a +3 great sword!
You slash the wight!
You destroy the wight!
Okawaru accepts your kill.
You slash the wight! x2
The wight hits you but does no damage. x2; The wight completely misses you.
Your base Axes skill increases to level 9!
You completely miss the wight.
The wight is severely damaged.
You hit the wight but do no damage. The wight barely misses you.
You block the wight's attack. The wight hits you with a +0 flail!
7719 ||| READING 3 scrolls of teleportation.
As you read the scroll of teleportation, it crumbles to dust.
You feel strangely unstable. The wight hits you but does no damage.
You block the wight's attack.
The wight hits you from afar with a +2 halberd!
You die...

.............##########....
#####.#.####...............
##.#'##############.....
#####......# #.....
...........# #.....
.###.......# #..../
#.......# ####.#
#......z#### #.#
........zz@).# #.#
.##.########z# #.. . ... '#
####### .#.. .. ....... #
.z. ....... .... .......


zz.z. ....... ...... ....... ....... You could see 4 wights.

Vanquished Creatures
  Pikel (D:5)
  Eustachio (D:4)
  2 water moccasins
  Edmund (D:5)
  An orc warrior (D:7)
  A sky beast (D:6)
  3 black bears
  A centaur (D:6)
  An ogre (D:6)
  2 lemures (D:5)
  2 bullfrogs
  A gnoll sergeant (D:8)
  2 scorpions (D:5)
  3 wights (D:8)
  A howler monkey (D:6)
  3 hounds
  A jelly (D:6)
  2 sleepcaps
  Natasha (thrice) (D:4)
  8 iguanas
  4 orc wizards
  11 adders
  4 gnolls (D:8)
  A shadow imp (D:7)
  2 white imps
  An ufetubus (D:5)
  5 dart slugs
  15 orcs
  5 ball pythons
  9 endoplasms
  2 giant cockroaches
  9 hobgoblins
  4 jackals
  3 quokkas
  4 bats
  4 frilled lizards
  8 goblins
  9 kobolds
  4 rats
144 creatures vanquished.

Notes
Turn   | Place    | Note
-------+----------+-------------------------------------------
     0 | D:1      | qw the Gargoyle Fighter began the quest for the Orb.
     0 | D:1      | Reached XP level 1. HP: 14/14 MP: 1/1
     0 | D:1      | 0 ||| qw: Version: 0.3-a-32-g5962c71
     0 | D:1      | 0 ||| qw: Game counter: 7678
     0 | D:1      | 0 ||| qw: Melee chars always use a shield: true
     0 | D:1      | 0 ||| qw: God list: Okawaru
     0 | D:1      | 0 ||| qw: Allow faded altars: false
     0 | D:1      | 0 ||| qw: Do Orc after clearing Dungeon:15 true
     0 | D:1      | 0 ||| qw: Do second Lair branch before Depths: true
     0 | D:1      | 0 ||| qw: Lair rune preference: random
     0 | D:1      | 0 ||| qw: Goals: Normal, Zot:1-4, Slime:5, God:TSO, Crypt,
                  | Tomb, Abyss, Pan, Hells, Win
     0 | D:1      | 0 ||| PLANNING D:1-11
    69 | D:1      | Reached skill level 2 in Axes
    72 | D:1      | 72 ||| Stepping ~*~*~tactically~*~*~ (hiding).
   166 | D:1      | 166 ||| Stepping ~*~*~tactically~*~*~ (stealth).
   176 | D:1      | Reached XP level 2. HP: 19/19 MP: 2/2
   347 | D:1      | Reached skill level 3 in Axes
   393 | D:1      | Reached XP level 3. HP: 20/23 MP: 3/3
   638 | D:1      | 638 ||| UPGRADING to ring of protection from fire.
   639 | D:1      | 639 ||| READING scroll labelled ECRUYNW JADIAPS.
   640 | D:1      | 640 ||| READING scroll labelled MAREHE IPNEOMI.
   641 | D:1      | 641 ||| READING scroll labelled AMULYTU LYPP.
   642 | D:1      | 642 ||| READING scroll labelled DEIHOI UCHIUPP.
   643 | D:1      | 643 ||| READING 4 scrolls labelled ETATEACS NOING.
   644 | D:1      | 644 ||| READING scroll labelled NIHAYP EPADEUW.
   645 | D:1      | 645 ||| READING scroll labelled XUOFIU MUOS.
   646 | D:1      | 646 ||| READING 3 scrolls of identify.
   646 | D:1      | 646 ||| IDENTIFYING fuming cyan potion
   647 | D:1      | 647 ||| READING 2 scrolls of identify.
   647 | D:1      | 647 ||| IDENTIFYING fizzy blue potion
   791 | D:2      | 791 ||| Stepping ~*~*~tactically~*~*~ (hiding).
   965 | D:2      | 965 ||| Stepping ~*~*~tactically~*~*~ (stealth).
   979 | D:2      | Reached XP level 4. HP: 26/28 MP: 4/4
   989 | D:2      | Reached skill level 4 in Axes
  1017 | D:2      | 1017 ||| Stepping ~*~*~tactically~*~*~ (stealth).
  1153 | D:2      | 1153 ||| Stepping ~*~*~tactically~*~*~ (stealth).
  1169 | D:2      | 1169 ||| Stepping ~*~*~tactically~*~*~ (stealth).
  1390 | D:2      | 1390 ||| Stepping ~*~*~tactically~*~*~ (stealth).
  1424 | D:2      | 1424 ||| DROPPING +0 whip.
  1430 | D:2      | 1430 ||| DRINKING 2 puce potions.
  1431 | D:2      | 1431 ||| READING 2 scrolls of identify.
  1431 | D:2      | 1431 ||| IDENTIFYING white potion
  1625 | D:3      | 1625 ||| Stepping ~*~*~tactically~*~*~ (hiding).
  1627 | D:3      | 1627 ||| Stepping ~*~*~tactically~*~*~ (hiding).
  1754 | D:3      | 1754 ||| FLEEEEING.
  1755 | D:3      | 1755 ||| FLEEEEING.
  1756 | D:3      | 1756 ||| FLEEEEING.
  1757 | D:3      | 1757 ||| FLEEEEING.
  1758 | D:3      | 1758 ||| FLEEEEING.
  1759 | D:3      | 1759 ||| FLEEEEING.
  2210 | D:3      | 2210 ||| Stepping ~*~*~tactically~*~*~ (stealth).
  2215 | D:3      | Reached XP level 5. HP: 32/32 MP: 5/5
  2225 | D:3      | 2225 ||| UPGRADING to +0 pair of gloves.
  2230 | D:3      | 2230 ||| UPGRADING to +0 plate armour.
  2240 | D:3      | 2240 ||| DROPPING +0 scale mail.
  2241 | D:3      | 2241 ||| DROPPING amulet of magic regeneration.
  2310 | D:4      | Found a staircase to the Ecumenical Temple.
  2311 | D:4      | 2311 ||| PLANNING TEMPLE
  2319 | Temple   | Entered the Ecumenical Temple
  2320 | Temple   | 2320 ||| PLANNING OKAWARU WORSHIP
  2490 | Temple   | Became a worshipper of Warmaster Okawaru
  2491 | Temple   | 2491 ||| PLANNING D:1-11
  2533 | D:4      | Found a runed translucent door.
  2534 | D:4      | Noticed Crazy Yiuf
  2621 | D:4      | Noticed Eustachio
  2654 | D:4      | 2654 ||| FLEEEEING.
  2655 | D:4      | 2655 ||| FLEEEEING.
  2656 | D:4      | Noticed a black bear
  2663 | D:4      | Killed Eustachio
  2663 | D:4      | Reached * piety under Okawaru
  2664 | D:4      | Reached skill level 5 in Axes
  2664 | D:4      | Reached XP level 6. HP: 11/37 MP: 6/6
  2664 | D:4      | 2664 ||| INVOKING Heroism.
  2664 | D:4      | HP: 6/37 [black bear (5)]
  2667 | D:4      | HP: 2/37 [black bear (4)]
  2670 | D:4      | Killed a black bear
  2827 | D:4      | 2827 ||| Stepping ~*~*~tactically~*~*~ (hiding).
  2865 | D:4      | 2865 ||| Stepping ~*~*~tactically~*~*~ (hiding).
  3097 | D:4      | 3097 ||| Stepping ~*~*~tactically~*~*~ (stealth).
  3136 | D:4      | Found Ynnuboci's Distillery.
  3144 | D:4      | 3144 ||| BUYING potion of attraction (39 gold).
  3144 | D:4      | Bought a potion of attraction for 39 gold pieces
  3144 | D:4      | 3144 ||| BUYING potion of enlightenment (65 gold).
  3144 | D:4      | Bought a potion of enlightenment for 65 gold pieces
  3144 | D:4      | 3144 ||| BUYING potion of enlightenment (65 gold).
  3144 | D:4      | Bought a potion of enlightenment for 65 gold pieces
  3144 | D:4      | 3144 ||| SHOPLISTING potion of heal wounds (65 gold, have
                  | 27).
  3144 | D:4      | 3144 ||| SHOPLISTING potion of magic (104 gold, have 27).
  3144 | D:4      | 3144 ||| SHOPLISTING potion of mutation (104 gold, have
                  | 27).
  3144 | D:4      | 3144 ||| SHOPLISTING potion of resistance (130 gold, have
                  | 27).
  3215 | D:4      | Noticed Natasha
  3216 | D:4      | 3216 ||| INVOKING Heroism.
  3218 | D:4      | Killed Natasha
  3219 | D:4      | Reached skill level 6 in Axes
  3219 | D:4      | Reached skill level 1 in Invocations
  3221 | D:4      | Reached XP level 7. HP: 43/43 MP: 4/8
  3281 | D:4      | Noticed Natasha
  3282 | D:4      | 3282 ||| Stepping ~*~*~tactically~*~*~ (hiding).
  3283 | D:4      | 3283 ||| INVOKING Heroism.
  3289 | D:4      | Killed Natasha
  3545 | D:4      | 3545 ||| READING 2 scrolls labelled DOOMEY JOKIAHU.
  3546 | D:4      | 3546 ||| READING scroll labelled JESMAB UCWIOS.
  3547 | D:4      | 3547 ||| READING scroll labelled QETWUTUENA.
  3648 | D:4      | 3648 ||| DRINKING 2 sedimented sapphire potions.
  3793 | D:4      | 3793 ||| READING 2 scrolls of identify.
  3793 | D:4      | 3793 ||| IDENTIFYING murky dark potion
  3794 | D:4      | 3794 ||| DROPPING potion of degeneration.
  3950 | D:4      | Noticed Natasha
  3951 | D:4      | 3951 ||| FLEEEEING.
  3952 | D:4      | 3952 ||| FLEEEEING.
  3953 | D:4      | 3953 ||| FLEEEEING.
  3954 | D:4      | 3954 ||| FLEEEEING.
  3959 | D:4      | 3959 ||| INVOKING Heroism.
  3965 | D:4      | Killed Natasha
  4210 | D:4      | 4210 ||| DROPPING potion of ambrosia.
  4211 | D:4      | 4211 ||| DROPPING scroll of immolation.
  4524 | D:5      | Entered Level 5 of the Dungeon
  4680 | D:5      | 4680 ||| Stepping ~*~*~tactically~*~*~ (stealth).
  4691 | D:5      | Noticed Edmund
  4692 | D:5      | 4692 ||| INVOKING Heroism.
  4704 | D:5      | 4704 ||| INVOKING Heroism.
  4713 | D:5      | Killed Edmund
  4714 | D:5      | Reached skill level 7 in Axes
  4720 | D:5      | 4720 ||| INVOKING Heroism.
  4723 | D:5      | Reached XP level 8. HP: 31/48 MP: 5/9
  5024 | D:5      | Reached skill level 1 in Dodging
  5078 | D:5      | Found a broken altar of Ashenzari.
  5128 | D:5      | Noticed Pikel
  5129 | D:5      | 5129 ||| INVOKING Heroism.
  5145 | D:5      | 5145 ||| INVOKING Heroism.
  5148 | D:5      | Killed Pikel
  5437 | D:5      | 5437 ||| READING scroll of enchant armour.
  5437 | D:5      | 5437 ||| ENCHANTING +0 pair of gloves.
  5608 | D:5      | 5608 ||| DRINKING 2 cyan potions.
  5609 | D:5      | 5609 ||| READING 2 scrolls of identify.
  5609 | D:5      | 5609 ||| IDENTIFYING amethyst potion
  5733 | D:6      | Reached skill level 3 in Invocations
  5915 | D:6      | 5915 ||| Stepping ~*~*~tactically~*~*~ (hiding).
  5931 | D:6      | Reached XP level 9. HP: 47/54 MP: 11/11
  6035 | D:6      | 6035 ||| INVOKING Heroism.
  6053 | D:6      | Found Zomeigho's Distillery.
  6069 | D:6      | 6069 ||| INVOKING Heroism.
  6123 | D:6      | 6123 ||| Stepping ~*~*~tactically~*~*~ (stealth).
  6124 | D:6      | 6124 ||| Stepping ~*~*~tactically~*~*~ (stealth).
  6170 | D:6      | 6170 ||| Stepping ~*~*~tactically~*~*~ (hiding).
  6178 | D:6      | Reached skill level 8 in Axes
  6279 | D:6      | 6279 ||| INVOKING Heroism.
  6423 | D:6      | 6423 ||| READING scroll labelled ADAPLO BOZXUPT.
  6426 | D:6      | 6426 ||| READING 2 scrolls labelled ONOCZAWKETIE.
  6427 | D:6      | 6427 ||| READING scroll of enchant weapon.
  6427 | D:6      | 6427 ||| ENCHANTING +1 war axe.
  6438 | D:7      | Found Ephajyt's Jewellery Shoppe.
  6442 | D:7      | 6442 ||| SHOPLISTING amulet of faith (480 gold, have 181).
  6442 | D:7      | 6442 ||| SHOPLISTING ring of protection from cold (300
                  | gold, have 181).
  6442 | D:7      | 6442 ||| SHOPLISTING ring of protection from fire (300
                  | gold, have 181).
  6442 | D:7      | 6442 ||| BUYING ring of see invisible (180 gold).
  6442 | D:7      | Bought a ring of see invisible for 180 gold pieces
  6512 | D:7      | 6512 ||| UPGRADING to ring of see invisible.
  6570 | D:7      | 6570 ||| Stepping ~*~*~tactically~*~*~ (hiding).
  6571 | D:7      | 6571 ||| INVOKING Heroism.
  6585 | D:7      | Reached skill level 6 in Fighting
  6587 | D:7      | Found Pada's Jewellery Shoppe.
  6593 | D:7      | 6593 ||| DROPPING +0 mace.
  6603 | D:7      | 6603 ||| SHOPLISTING +6 ring of strength (468 gold, have
                  | 1).
  6603 | D:7      | 6603 ||| SHOPLISTING amulet of faith (520 gold, have 1).
  6603 | D:7      | 6603 ||| SHOPLISTING amulet of guardian spirit (390 gold,
                  | have 1).
  6603 | D:7      | 6603 ||| SHOPLISTING ring of fire (325 gold, have 1).
  6603 | D:7      | 6603 ||| SHOPLISTING ring of protection from fire (325
                  | gold, have 1).
  6603 | D:7      | 6603 ||| SHOPLISTING ring of see invisible (195 gold, have
                  | 1).
  6603 | D:7      | 6603 ||| SHOPLISTING ring of willpower (325 gold, have 1).
  6738 | D:7      | Found Fyerucivvo's Distillery.
  6760 | D:7      | 6760 ||| READING 2 scrolls of identify.
  6760 | D:7      | 6760 ||| IDENTIFYING black potion
  6761 | D:7      | 6761 ||| DROPPING potion of invisibility.
  6770 | D:6      | 6770 ||| SHOPLISTING 2 potions of curing (66 gold, have 1).
  6770 | D:6      | 6770 ||| SHOPLISTING potion of enlightenment (55 gold, have
                  | 1).
  6770 | D:6      | 6770 ||| SHOPLISTING potion of heal wounds (55 gold, have
                  | 1).
  6770 | D:6      | 6770 ||| SHOPLISTING potion of lignification (33 gold, have
                  | 1).
  6770 | D:6      | 6770 ||| SHOPLISTING potion of mutation (88 gold, have 1).
  6770 | D:6      | 6770 ||| SHOPLISTING potion of resistance (110 gold, have
                  | 1).
  6779 | D:7      | 6779 ||| SHOPLISTING 2 potions of enlightenment (130 gold,
                  | have 1).
  6779 | D:7      | 6779 ||| SHOPLISTING potion of attraction (39 gold, have
                  | 1).
  6779 | D:7      | 6779 ||| SHOPLISTING potion of cancellation (104 gold, have
                  | 1).
  6779 | D:7      | 6779 ||| SHOPLISTING potion of curing (39 gold, have 1).
  6779 | D:7      | 6779 ||| SHOPLISTING potion of haste (130 gold, have 1).
  6779 | D:7      | 6779 ||| SHOPLISTING potion of heal wounds (65 gold, have
                  | 1).
  6779 | D:7      | 6779 ||| SHOPLISTING potion of mutation (104 gold, have 1).
  6779 | D:7      | 6779 ||| SHOPLISTING potion of resistance (130 gold, have
                  | 1).
  7005 | D:7      | 7005 ||| INVOKING Heroism.
  7147 | D:7      | Found a hide-covered altar of Uskayaw.
  7147 | D:7      | Found a basalt altar of Yredelemnul.
  7147 | D:7      | Found an ornate altar of the Wu Jian Council.
  7254 | D:7      | 7254 ||| READING scroll labelled TAUDUCKUATT.
  7255 | D:7      | 7255 ||| READING scroll labelled QAYDA CEGILITA.
  7256 | D:7      | 7256 ||| READING 2 scrolls of identify.
  7256 | D:7      | 7256 ||| IDENTIFYING viscous inky potion
  7257 | D:7      | 7257 ||| DROPPING potion of brilliance.
  7317 | D:8      | 7317 ||| Stepping ~*~*~tactically~*~*~ (stealth).
  7371 | D:8      | 7371 ||| INVOKING Heroism.
  7383 | D:8      | 7383 ||| Stepping ~*~*~tactically~*~*~ (hiding).
  7384 | D:8      | 7384 ||| Stepping ~*~*~tactically~*~*~ (hiding).
  7385 | D:8      | 7385 ||| Stepping ~*~*~tactically~*~*~ (hiding).
  7386 | D:8      | 7386 ||| Stepping ~*~*~tactically~*~*~ (hiding).
  7393 | D:8      | 7393 ||| INVOKING Heroism.
  7527 | D:8      | 7527 ||| DROPPING +0 flail.
  7528 | D:8      | Found a flagged portal.
  7702 | D:8      | 7702 ||| Stepping ~*~*~tactically~*~*~ (hiding).
  7716 | D:8      | 7716 ||| INVOKING Heroism.
  7718 | D:8      | Reached skill level 9 in Axes
  7718 | D:8      | HP: 9/55 [wight/+0 flail (8)]
  7719 | D:8      | 7719 ||| READING 3 scrolls of teleportation.
  7719 | D:8      | Slain by a wight

Levels and vault maps discovered:
D:1:      heliophobic_arrival_glass_houses, layout_rooms, serial_glass,
          glass_columns_b, glass_columns_a
D:2:      layout_basic
D:3:      layout_basic, minmay_misc_feat_chi
D:4:      layout_rooms, minmay_temple_entry_antechambers, serial_shops, shop,
          kennysheep_opposing_triangles, uniq_natasha, uniq_eustachio,
          uniq_crazy_yiuf_cottage
D:5:      layout_basic, lemuel_round_altar, chequers_serial_rivers_large_b,
          minmay_misc_feat_four_crosses, chequers_serial_rivers_room_a,
          roderic_three_in_a_row, minmay_misc_feat_encased, uniq_edmund,
          uniq_pikel
D:6:      layout_loops_cross, nicolae_take_the_stairs
D:7:      layout_basic, gammafunk_temple_overflow_claw, serial_shops,
          nicolae_shop_trees, nicolae_shop_tiny_glass,
          nicolae_shop_getting_attention
D:8:      layout_basic, enter_bailey_6, uniq_maurice
Temple:   nicolae_temple_bog_church

Skill      XL: |  1  2  3  4  5  6  7  8  9 |
---------------+----------------------------+-----
Axes           | 2 3 4 5 6 7 9 |  9.0
Fighting       | 4 5 6 |  6.1
Invocations    | 1 2 3 4 |  4.2
Armour         | 4 5 |  5.0
Dodging        | 1 |  1.2
Throwing       | 4 |  4.4
Shields        | |  3.2

Action                     |  1- 3 |  4- 6 |  7- 9 || total
---------------------------+-------+-------+-------++-------
  Melee: War axe           |   114 |   125 |   257 ||   496
  Throw: Boomerang         |    13 |    66 |    75 ||   154
 Invoke: Heroism           |       |     2 |    15 ||    17
    Use: Scroll            |     9 |     1 |    14 ||    24
         Potion            |       |     1 |     2 ||     3
 Armour: Scale mail        |    59 |    27 |       ||    86
         Plate armour      |       |    65 |   153 ||   218
  Dodge: Dodged            |    52 |    50 |    76 ||   178
  Block: Buckler           |    27 |    19 |    52 ||    98

Table legend:
 A = Non-vault XP
 B = Vault XP
 C = Vault XP percentage of total XP
 D = Non-vault monster count
 E = Vault monster count
 F = Vault count percentage of total count
                 A         B        C        D         E       F
            +---------+---------+-------+---------+---------+-------
      Total |    3026 |    1057 |  25.9 |     134 |       8 |   5.6
            +---------+---------+-------+---------+---------+-------
        D:1 |      36 |       0 |   0.0 |      21 |       0 |   0.0
        D:2 |      99 |       0 |   0.0 |      24 |       0 |   0.0
        D:3 |      31 |       0 |   0.0 |      16 |       0 |   0.0
        D:4 |     278 |     275 |  49.7 |      14 |       6 |  30.0
        D:5 |     657 |     782 |  54.3 |      18 |       2 |  10.0
        D:6 |     786 |       0 |   0.0 |      13 |       0 |   0.0
        D:7 |     608 |       0 |   0.0 |      12 |       0 |   0.0
        D:8 |     531 |       0 |   0.0 |      16 |       0 |   0.0
            +---------+---------+-------+---------+---------+-------
